 Dungeon Crawl Stone Soup version 0.30-a0-857-gcaf70739d4 (webtiles) character file.

Game seed: 17722038498823978886

10259 bmack86 the Cleaver (level 11, -5/97 HPs)
             Began as a Minotaur Fighter on Mar 5, 2023.
             Was an Elder of Okawaru.
             Slain by a hornet (10 damage)
             ... while paralysed by a hornet
             ... on level 11 of the Dungeon.
             The game lasted 00:24:01 (9239 turns).

bmack86 the Cleaver (Minotaur Fighter)              Turns: 9239, Time: 00:24:02

Health: -5/97      AC: 26    Str: 24    XL:     11   Next: 33%
Magic:  14/14      EV:  2    Int:  5    God:    Okawaru [****..]
Gold:   642        SH:  0    Dex: 11    Spells: 10/10 levels left

rFire   . . .      SeeInvis .    R - +4 broad axe (vamp)
rCold   . . .      Faith    .    c - +0 buckler
rNeg    . . .      Spirit   .    B - +2 crystal plate armour
rPois   .          Reflect  .    (helmet restricted)
rElec   .          Rampage  .    v - +2 cloak
rCorr   .                        (no gloves)
Will    ++...                    M - +0 pair of boots Stlth
                                 y - amulet of the acrobat
HPRegen 0.36/turn                J - ring of willpower
MPRegen 0.14/turn                K - ring of willpower

@: paralysed, lethally poisoned (-5 -> -13), slowed
A: horns 2, retaliatory headbutt
a: Renounce Religion, Heroism, Finesse


You were on level 11 of the Dungeon.
You worshipped Okawaru.
Okawaru was greatly pleased with you.
You visited 2 branches of the dungeon, and saw 12 of its levels.
You also visited: Sewer and Ossuary.

You collected 642 gold pieces.

Inventory:

Hand Weapons
 a - a +1 vampiric war axe
 R - a +4 vampiric broad axe (weapon)
Missiles
 f - a curare-tipped dart
 r - 22 poisoned darts
 s - 10 boomerangs (quivered)
 z - 8 javelins
 C - 3 silver boomerangs
 S - 4 silver javelins
Armour
 c - a +0 buckler (worn)
 q - a +1 scale mail of fire resistance
 v - a +2 cloak (worn)
 B - a +2 crystal plate armour (worn)
 L - the +1 chain mail of the Other Side {rN++ Regen+ Str-2 SInv}
   (You found it on level 8 of the Dungeon)

   Str:       It affects your strength (-2).
   rN:        It greatly protects you from negative energy.
   SInv:      It lets you see invisible.
   Regen:     It increases your rate of health regeneration.
 M - a +0 pair of boots (worn)
 Q - a scarf of shadows
Jewellery
 g - a ring of see invisible
 y - an amulet of the acrobat (around neck)
 J - a ring of willpower (left hand)
 K - a ring of willpower (right hand)
Wands
 b - a wand of mindburst (8)
 o - a wand of flame (32)
 A - a wand of roots (5)
 N - a wand of polymorph (4)
Scrolls
 e - 7 scrolls of teleportation
 l - 5 scrolls of fear
 m - 2 scrolls of silence
 t - 2 scrolls of amnesia
 w - 4 scrolls of fog
 D - a scroll of vulnerability
 F - a scroll of brand weapon
 I - 3 scrolls of magic mapping
Potions
 d - a potion of might
 h - 4 potions of haste
 i - a potion of magic
 j - 8 potions of curing
 k - 5 potions of flight
 n - 2 potions of attraction
 p - 4 potions of brilliance
 u - 4 potions of lignification
 x - 3 potions of mutation
 G - 2 potions of resistance
 H - 4 potions of heal wounds
 O - a potion of berserk rage
 P - a potion of invisibility {unknown}


   Skills:
 + Level 9.1 Fighting
 * Level 12.0 Axes
 + Level 6.5 Throwing
 + Level 9.1 Armour
 + Level 9.1 Shields
 + Level 5.9 Invocations


You had 10 spell levels left.
You didn't know any spells.
Your spell library contained the following spells:

 Spells                   Type           Power      Damage    Failure   Level
 Slow                     Hex            0%         N/A       100%        1
 Cigotuvi's Dreadful Rot  Necr/Pois/Air  0%         N/A       100%        2
 Lesser Beckoning         Tloc           0%         N/A       100%        2
 Poisonous Vapours        Pois/Air       0%         N/A       100%        2
 Sublimation of Blood     Necr           0%         N/A       100%        2
 Confusing Touch          Hex            0%         N/A       100%        3
 Dazzling Flash           Conj/Hex       0%         N/A       100%        3
 Gell's Gravitas          Tloc           0%         N/A       100%        3
 Mephitic Cloud           Conj/Pois/Air  0%         N/A       100%        3
 Teleport Other           Tloc           0%         N/A       100%        3
 Vampiric Draining        Necr           0%         2d6       100%        3
 Petrify                  Tmut/Erth      0%         N/A       100%        4
 Agony                    Necr           0%         N/A       100%        5
 Irradiate                Conj/Tmut      0%         3d11      100%        5
 Silence                  Hex/Air        0%         N/A       100%        5


Dungeon Overview and Level Annotations

Branches:
Dungeon (11/15)            Temple (1/1) D:5            Lair (0/5) D:10
    Orc (0/2) D:11          Sewer (visited)         Ossuary (visited)

Altars:
Ashenzari
Cheibriados
Dithmenos
Elyvilon
Fedhas
Gozag
Hepliaklqana
Kikubaaqudgha
Makhleb
Nemelex Xobeh
Okawaru
Qazlal
Ru
Sif Muna
Trog
Uskayaw
Vehumet
Wu Jian
Xom
Yredelemnul
Zin
The Shining One


Innate Abilities, Weirdness & Mutations

You have a pair of horns on your head.
You reflexively headbutt those who attack you in melee.


Message History

You block the freezing wraith's attack.
A vampire comes into view.
Blink to where?
Press: ? - help, Dir - move target
Found 17 gold pieces.
As you read the scroll of blinking, it crumbles to dust.
The killer bee buzzes angrily.
As you read the scroll of teleportation, it crumbles to dust.
You feel strangely unstable. You block the killer bee's attack.
Blink to where?
Press: ? - help, Dir - move target
As you read the scroll of blinking, it crumbles to dust.
Your surroundings suddenly seem different.
Found a scroll of teleportation and 11 gold pieces.
You start resting.
A killer bee is nearby!
You feel much better. The killer bee misses you. You furiously retaliate!
You headbutt the killer bee. The killer bee completely misses you.
You hit the killer bee.
You feel better.
The killer bee is moderately wounded.
The killer bee stings you but does no damage. x3
You barely miss the killer bee.
The killer bee is moderately wounded.
The killer bee buzzes angrily.
The killer bee stings you but does no damage. x2
The hornet stings you!
* * * LOW HITPOINT WARNING * * *
You feel as though you will be slow longer.
The killer bee stings you but does no damage.
The hornet stings you!
* * * LOW HITPOINT WARNING * * *
You are lethally poisoned!
You suddenly lose the ability to move!
* * * LOW HITPOINT WARNING * * *
You feel very sick. The killer bee barely misses you.
The killer bee stings you but does no damage.
The hornet stings you!
You die...

...## ..#.$ #.#?.~ ###
....# ###.#...~
###.......# ..#..#..~
##....##.⌠.### #.....#..
...#...#.....###......##
....#......#.##y........
##..#..........y@.......
#.##.....#.....y.####...
##..#...........#### .
y..#.y†.#.......#...
##W..§###...........
...##.###..†).......
#.##..##....).###...
#....###....)## .##.#
##..#).#


You could see a hornet and 2 killer bees.

Vanquished Creatures
  2 two-headed ogres
  Urug (D:10)
  A cyclops (D:11)
  The ghost of Pimp the Covered, a novice AtFi (D:5)
  Maggie (D:8)
  Psyche (D:8)
  2 trolls
  A hornet (D:10)
  Grinder (D:5)
  The ghost of Pokonic1 the Stinger, an amateur DsVM of Yredelemnul (D:5)
  10 yaks (D:10)
  2 wyverns
  4 steam dragons
  3 acid dragons
  A water moccasin (D:8)
  4 orc warriors
  A hornet zombie (D:7)
  An ice beast (D:6)
  A sky beast (D:6)
  An ogre (D:5)
  5 centaurs
  2 phantoms
  2 kobold brigands
  2 necrophages
  3 bullfrogs
  A scorpion (D:5)
  A wight (D:7)
  6 killer bees
  5 howler monkeys
  2 centaur zombies (D:7)
  3 hounds
  A bullfrog zombie (D:7)
  8 orc priests
  Terence (D:2)
  2 human zombies
  A sleepcap (D:7)
  4 iguanas
  13 orc wizards
  A killer bee zombie (D:7)
  A hound skeleton (D:4)
  8 mummies
  10 adders
  2 river rats (D:5)
  2 shadow imps
  3 white imps
  2 ufetubi
  A worm (D:2)
  A dart slug (D:5)
  41 orcs
  16 ball pythons
  7 endoplasms
  16 giant cockroaches
  3 hobgoblins
  8 jackals
  14 kobolds
  8 quokkas
  7 bats
  12 frilled lizards
  4 gnoll zombies (Ossuary)
  5 goblins
  A kobold zombie (Ossuary)
  2 orc zombies (Ossuary)
  9 rats
286 creatures vanquished.

Vanquished Creatures (others)
  33 plants (D:11)
  6 withered plants (D:5)
39 creatures vanquished.

Grand Total: 325 creatures vanquished

Notes
Turn   | Place    | Note
-------+----------+-------------------------------------------
     0 | D:1      | bmack86 the Minotaur Fighter began the quest for the Orb.
     0 | D:1      | Reached XP level 1. HP: 19/19 MP: 0/0
   148 | D:1      | Reached XP level 2. HP: 25/27 MP: 1/1
   308 | D:1      | Reached skill level 3 in Axes
   538 | D:2      | Reached XP level 3. HP: 33/33 MP: 2/2
   739 | D:2      | Noticed Terence
   746 | D:2      | Killed Terence
   747 | D:2      | Reached XP level 4. HP: 40/40 MP: 3/3
   875 | D:2      | Reached skill level 4 in Axes
  1721 | D:3      | Found a glowing silver altar of Zin.
  2088 | D:4      | Noticed a phantom
  2096 | D:4      | Killed a phantom
  2097 | D:4      | Reached XP level 5. HP: 42/47 MP: 4/4
  2202 | D:4      | Reached skill level 1 in Throwing
  2304 | D:4      | Found a radiant altar of Vehumet.
  2581 | D:4      | Found a burning altar of Makhleb.
  2591 | D:4      | Reached skill level 5 in Axes
  2591 | D:4      | Reached XP level 6. HP: 53/53 MP: 5/5
  3062 | D:5      | Entered Level 5 of the Dungeon
  3096 | D:5      | Reached skill level 5 in Armour
  3101 | D:5      | Reached skill level 5 in Shields
  3135 | D:5      | Found a glowing drain.
  3156 | D:5      | Reached skill level 5 in Fighting
  3161 | Sewer    | Entered a sewer
  3438 | Sewer    | Reached XP level 7. HP: 60/61 MP: 6/6
  3439 | Sewer    | Reached skill level 6 in Axes
  3492 | D:5      | Found a staircase to the Ecumenical Temple.
  3497 | Temple   | Entered the Ecumenical Temple
  3513 | Temple   | Became a worshipper of Warmaster Okawaru
  3531 | D:5      | Found a runed translucent gate.
  3531 | D:5      | Found a runed translucent gate.
  3532 | D:5      | Found a runed translucent gate.
  3533 | D:5      | Noticed Pimp's ghost (novice AtFi)
  3533 | D:5      | Noticed Pokonic1's ghost (amateur DsVM)
  3539 | D:5      | Noticed Grinder
  3556 | D:5      | Paralysed by Grinder for 3 turns
  3565 | D:5      | Paralysed by Grinder for 3 turns
  3568 | D:5      | Killed Grinder
  3579 | D:5      | Reached skill level 1 in Invocations
  3714 | D:5      | Reached * piety under Okawaru
  3735 | D:5      | Reached skill level 7 in Axes
  3735 | D:5      | Reached XP level 8. HP: 70/70 MP: 8/8
  3787 | D:5      | Found an opulent altar of Gozag.
  3788 | D:5      | Found a stormy altar of Qazlal.
  4137 | D:5      | HP: 3/70 [Pokonic1's ghost/sting (2)]
  4140 | D:5      | Killed Pokonic1's ghost
  4144 | D:5      | Killed Pimp's ghost
  4144 | D:5      | Reached ** piety under Okawaru
  4145 | D:5      | Reached skill level 8 in Axes
  4682 | D:6      | Reached XP level 9. HP: 78/78 MP: 10/10
  5099 | D:7      | Found a snail-covered altar of Cheibriados.
  5151 | D:7      | Found a sand-covered staircase.
  5156 | Ossuary  | Entered an ossuary
  5637 | D:7      | Reached skill level 9 in Axes
  5644 | D:7      | Reached *** piety under Okawaru
  5691 | D:7      | Found an ancient bone altar of Kikubaaqudgha.
  6266 | D:8      | Identified the +1 chain mail of the Other Side {rN++ Regen+
                  | Str-2 SInv}
  6442 | D:8      | Noticed Maggie
  6457 | D:8      | Killed Maggie
  6492 | D:8      | Noticed Psyche
  6512 | D:8      | Killed Psyche
  6513 | D:8      | Reached skill level 5 in Throwing
  6701 | D:8      | Found a hazy altar of Hepliaklqana.
  6705 | D:8      | Reached skill level 10 in Axes
  6749 | D:8      | Reached XP level 10. HP: 86/86 MP: 12/12
  6984 | D:9      | Reached **** piety under Okawaru
  7346 | D:9      | Noticed a two-headed ogre
  7358 | D:9      | Killed a two-headed ogre
  7653 | D:9      | Received a gift from Okawaru
  7957 | D:10     | Entered Level 10 of the Dungeon
  7975 | D:10     | Reached skill level 5 in Invocations
  7988 | D:10     | Reached skill level 11 in Axes
  8094 | D:10     | Found a glowing golden altar of the Shining One.
  8271 | D:10     | Reached ***** piety under Okawaru
  8271 | D:10     | Received a gift from Okawaru
  8365 | D:10     | Found a staircase to the Lair.
  8388 | D:10     | Found a blossoming altar of Fedhas.
  8479 | D:10     | Noticed a two-headed ogre
  8486 | D:10     | Killed a two-headed ogre
  8487 | D:10     | Reached XP level 11. HP: 95/95 MP: 11/14
  8608 | D:10     | Noticed Urug
  8617 | D:10     | Killed Urug
  9116 | D:11     | Found a staircase to the Orcish Mines.
  9184 | D:11     | Reached skill level 12 in Axes
  9227 | D:11     | HP: 4/97 [freezing wraith (11)]
  9238 | D:11     | Paralysed by a hornet for 3 turns
  9239 | D:11     | Slain by a hornet

Illustrated notes

Levels and vault maps discovered:
D:1:      ncdulo_wetmaze, layout_rooms
D:2:      layout_rooms, uniq_terence
D:3:      kennysheep_big_flooded_room, layout_loops_corners,
          mainiacjoe_overflow_brackets
D:4:      layout_basic, lemuel_tele_altar, makhleb_blood_cavern_becter,
          nrook_uturn, minivault_26, minmay_misc_feat_secret_circle
D:5:      layout_cave_pools, jmf_multi_god_temple, temple_doors_e,
          gammafunk_ghost_cemetery, portal_sewer_entry_a, uniq_grinder
D:6:      layout_loops_cross
D:7:      layout_basic, mainiacjoe_overflow_alcove_4,
          lemuel_mausoleum_altar_kikubaaqudgha, enter_ossuary_2
D:8:      layout_loops_ring, mainiacjoe_overflow_alcove_1,
          kennysheep_generic_room_15, uniq_maggie, uniq_psyche
D:9:      layout_basic, minmay_misc_feat_tower
D:10:     layout_roguey, lemuel_coloured_pillars_altar, tso_metal_star,
          lair_entry_dummy, minmay_misc_feat_nine_boxes, grunt_ministairs_5,
          minmay_orc_keep, uniq_urug
D:11:     regret_index_wax_grids, layout_layer_cave, orc_0_dummy, serial_bayou,
          serial_bayou_lake_a, serial_bayou_shore_a, serial_bayou_lagoon_a,
          serial_bayou_shore_b, nicolae_ru_awakened_eye
Temple:   hellmonk_temple_two_chambers

Skill      XL: |  1  2  3  4  5  6  7  8  9 10 11 |
---------------+----------------------------------+-----
Axes           | 3 4 5 7 8 10 11 12 | 12.0
Shields        | 4 5 6 7 8 9 |  9.1
Armour         | 4 5 6 7 8 9 |  9.1
Fighting       | 4 5 6 7 8 9 |  9.1
Throwing       | 1 2 3 4 5 6 |  6.5
Invocations    | 1 3 4 5 |  5.9

Action                     |  1- 3 |  4- 6 |  7- 9 | 10-12 || total
---------------------------+-------+-------+-------+-------++-------
  Melee: War axe           |    59 |   163 |   278 |   124 ||   624
         Headbutt          |     3 |    22 |    61 |    42 ||   128
         Broad axe         |       |       |       |    59 ||    59
  Throw: Boomerang         |       |       |     7 |    42 ||    49
 Invoke: Heroism           |       |       |     3 |     4 ||     7
         Finesse           |       |       |       |     1 ||     1
    Use: Scroll            |     3 |    15 |     7 |    11 ||    36
         Potion            |       |       |     2 |     1 ||     3
 Armour: Scale mail        |    31 |    18 |       |       ||    49
         Plate armour      |       |   122 |    62 |       ||   184
         Crystal plate arm |       |       |   142 |   168 ||   310
  Dodge: Dodged            |    36 |    68 |    90 |    99 ||   293
  Block: Buckler           |    21 |    54 |    67 |    55 ||   197

Table legend: (Time is in decaauts)
 A = Elapsed time spent in this place.
 B = Non-inter-level travel time spent in this place.
 C = Inter-level travel time spent in this place.
 D = Time resting spent in this place.
 E = Time spent auto-exploring this place.
 F = Levels seen in this place.
 G = Mean time per level.
                   A        B        C        D        E       F      G
               +--------+--------+--------+--------+--------+-----+--------+
         Total |   9404 |   9142 |    262 |    125 |   5729 |  14 |  671.7 |
       Dungeon |   8748 |   8486 |    262 |    125 |   5729 |  11 |  795.3 |
        Temple |     28 |     28 |      0 |      0 |      0 |   1 |   28.0 |
         Sewer |    382 |    382 |      0 |      0 |      0 |   1 |  382.0 |
       Ossuary |    243 |    243 |      0 |      0 |      0 |   1 |  243.0 |
               +--------+--------+--------+--------+--------+-----+--------+

Top non-repeatable levels by time:
     D:4: 1155 daAuts
    D:10: 1128 daAuts
     D:9: 996 daAuts
     D:7: 974 daAuts
     D:5: 958 daAuts
     D:3: 845 daAuts
     D:8: 722 daAuts
     D:6: 694 daAuts
     D:2: 564 daAuts
     D:1: 550 daAuts
   Sewer: 382 daAuts
 Ossuary: 243 daAuts
    D:11: 158 daAuts
  Temple: 28 daAuts
